 Dungeon Crawl Stone Soup version 0.28-a0-1213-g0243856f03 (webtiles) character file.

Game seed: 13905614860393480820

9333 r3xj the Carver (level 11, -5/101 HPs)
             Began as a Minotaur Fighter on Dec 21, 2021.
             Was a Priest of Okawaru.
             Slain by an orc knight (13 damage)
             ... in a bailey.
             The game lasted 00:48:16 (14328 turns).

r3xj the Carver (Minotaur Fighter)                 Turns: 14328, Time: 00:48:17

Health: -5/101     AC: 16    Str: 24    XL:     11   Next: 21%
Magic:  10/10      EV:  9    Int:  5    God:    Okawaru [***...]
Gold:   568        SH:  5    Dex: 11    Spells: 10/10 levels left

rFire   . . .      SeeInvis .   T - +3 falchion (freeze)
rCold   . . .      Faith    .   c - +0 buckler
rNeg    . . .      Spirit   .   R - +0 plate armour
rPois   .          Reflect  .   (helmet restricted)
rElec   .          Harm     .   A - +0 cloak
rCorr   .          Rampage  .   X - +0 pair of gloves
Will    .....                   (no boots)
Stlth   ..........              (no amulet)
HPRegen 0.26/turn               j - +4 ring of slaying
MPRegen 0.12/turn               l - ring of flight

@: flying
A: horns 2, retaliatory headbutt
a: Renounce Religion, Heroism


You were in a bailey.
You worshipped Okawaru.
Okawaru was most pleased with you.
You visited 2 branches of the dungeon, and saw 11 of its levels.
You also visited: Sewer, Ossuary and Bailey.

You collected 568 gold pieces.

Inventory:

Hand Weapons
 a - a +0 long sword
 z - a +3 quarterstaff of chaos
 F - the +10 dagger "Wepall" {vamp, rF+}
   (You found it on level 6 of the Dungeon)

   It occasionally heals its wielder for a portion of the damage dealt when it
   wounds a living foe.
   rF:        It protects you from fire.
 G - a +5 dire flail
 T - a +3 falchion of freezing (weapon)
Missiles
 B - 21 poisoned darts (quivered)
 P - 3 curare-tipped darts
Armour
 b - a +0 scale mail
 c - a +0 buckler (worn)
 m - a +2 tower shield
 y - the +1 leather armour of a wizard's laboratory {rPois Int+5}
   (You found it on level 4 of the Dungeon)

   Int:       It affects your intelligence (+5).
   rPois:     It protects you from poison.
 A - a +0 cloak (worn)
 C - a +3 leather armour of positive energy
 R - a +0 plate armour (worn)
 X - a +0 pair of gloves (worn)
Jewellery
 j - a +4 ring of slaying (left hand)
 l - a ring of flight (right hand)
 x - a +6 ring of strength
 Q - the ring "Noepli Ydaff" {Str+8 SInv Stlth-}
   (You found it on level 8 of the Dungeon)

   [ring of see invisible]

   Str:       It affects your strength (+8).
   SInv:      It lets you see invisible.
   Stlth:     It makes you less stealthy.
Wands
 q - a wand of digging (3)
 u - a wand of polymorph (8)
 w - a wand of flame (22)
 E - a wand of paralysis (5)
 U - a wand of mindburst (5)
Scrolls
 h - 5 scrolls of immolation {unknown}
 k - 3 scrolls of fog {unknown}
 n - 5 scrolls of amnesia {unknown}
 o - 6 scrolls of teleportation {unknown}
 p - a scroll of enchant armour {unknown}
 r - 2 scrolls of blinking {unknown}
 t - 2 scrolls of magic mapping {unknown}
 D - 2 scrolls of silence {unknown}
 J - a scroll of enchant weapon
 K - a scroll of acquirement {unknown}
 L - 2 scrolls of fear {unknown}
 M - a scroll of noise {unknown}
 W - a scroll of identify
Potions
 d - a potion of might
 e - a potion of invisibility
 f - 5 potions of flight
 g - 7 potions of curing {unknown}
 i - a potion of degeneration
 s - 4 potions of lignification {unknown}
 v - a potion of attraction
 H - a potion of mutation
 I - a potion of berserk rage
 N - a potion of resistance
 O - 2 potions of haste {unknown}
 S - 2 potions of heal wounds
 V - a potion of magic {unknown}


   Skills:
 * Level 10.6 Fighting
 - Level 14.0 Long Blades
 + Level 8.0 Armour
 + Level 6.2 Dodging
 + Level 8.1 Shields


You had 10 spell levels left.
You didn't know any spells.
Your spell library contained the following spells:

 Spells                   Type           Power      Damage    Failure   Level
 Magic Dart               Conj           0%         1d3       100%        1
 Corpse Rot               Necr/Air       0%         N/A       100%        2
 Mephitic Cloud           Conj/Pois/Air  0%         N/A       100%        3
 Dispel Undead            Necr           0%         3d6       100%        4
 Passage of Golubria      Tloc           0%         N/A       100%        4
 Silence                  Hex/Air        0%         N/A       100%        5
 Lehudib's Crystal Spear  Conj/Erth      0%         10d2      100%        8
 Call Imp                 Summ           Unusable   N/A       N/A         2
 Summon Ice Beast         Ice/Summ       Unusable   N/A       N/A         4
 Summon Mana Viper        Hex/Summ       Unusable   N/A       N/A         5
 Death Channel            Necr           Unusable   N/A       N/A         6
 Monstrous Menagerie      Summ           Unusable   N/A       N/A         7

Dungeon Overview and Level Annotations

Branches:
Dungeon (10/15)            Temple (1/1) D:6            Lair (0/6) D:9
    Orc (0/2) D:10          Sewer (visited)         Ossuary (visited)
 Bailey (1/1)

Altars:
Ashenzari
Cheibriados
Dithmenos
Elyvilon
Fedhas
Gozag
Hepliaklqana
Kikubaaqudgha
Makhleb
Nemelex Xobeh
Okawaru
Qazlal
Ru
Sif Muna
Trog
Uskayaw
Vehumet
Wu Jian
Xom
Yredelemnul
Zin
The Shining One

Shops:
D:1 [(


Innate Abilities, Weirdness & Mutations

You have a pair of horns on your head.
You reflexively headbutt those who attack you in melee.


Message History

You block the orc warrior's attack.
The orc knight roars a battlecry!
The orc warrior hits you with a +0 glaive.
* * * LOW HITPOINT WARNING * * *
You hit the orc warrior. You freeze the orc warrior.
You headbutt the orc warrior.
You kill the orc warrior!
Okawaru accepts your kill.
Your Armour skill increases to level 8!
The orc knight roars a battlecry!
The orc warrior goes into a battle-frenzy!
Items here: ( ) [ ÷.
An orc comes into view. It is wielding a +0 arbalest.
The orc shoots a bolt.
The bolt hits you but does no damage.
The orc knight roars a battlecry!
The orc warrior goes into a battle-frenzy!
The orc shoots a bolt.
The bolt closely misses you.
The orc shoots a bolt.
The bolt hits you but does no damage.
The orc shoots a bolt.
You block the bolt.
The orc shoots a bolt.
The bolt hits you but does no damage.
Things that are here:
a +0 arbalest; 7 bolts; a +0 scale mail The orc knight roars a battlecry!
The orc shoots a bolt.
The bolt closely misses you.
The orc shoots a bolt.
The bolt hits you but does no damage.
Really fly into that permanent teleport trap? [Y]es or [N]o only, please.
Really fly into that permanent teleport trap?
Okay, then.
The orc shoots a bolt.
The bolt closely misses you.
The orc shoots a bolt.
The bolt barely misses you.
There are monsters nearby!
The orc shoots a bolt.
The bolt hits you but does no damage. The orc knight misses you.
The orc knight hits you from afar with a +0 trident.
* * * LOW HITPOINT WARNING * * *
The orc knight hits you from afar with a +0 trident!
* * * LOW HITPOINT WARNING * * *
The orc knight hits you from afar with a +0 trident!
You die...

#......................
#......................
#.........o............
#......o≈≈≈≈≈..........
#......≈≈#.#≈≈.........
#......≈##.##≈.........
#......≈o.^))≈.........
#......≈##.∩#≈...o..)..
#.....@≈≈#.#.≈....o.###
#.......≈≈≈≈≈)...######
#...............##oo...
#..............##..#'#'
#..............#..##)#)
#.............##)######
#.............##)'.#
#.............##o###
#.............##o'.#


You could see an orc knight and an orc warrior.

Vanquished Creatures
  A cyclops (D:7)
  3 komodo dragons
  2 hornets (D:7)
  Grinder (D:4)
  Sigmund (D:5)
  5 yaks (D:9)
  A shadow (D:5)
  A wyvern (D:8)
  Grum (D:10)
  Duvessa (D:5)
  3 water moccasins
  13 orc warriors
  An ice beast (D:8)
  2 sky beasts
  2 black bears
  2 ogres (D:5)
  A necrophage (D:8)
  3 wolves (D:10)
  4 centaurs
  2 phantoms
  3 kobold brigands
  An elf zombie (Ossuary)
  4 bullfrogs
  A water moccasin zombie (D:7)
  4 scorpions (D:5)
  A wyvern zombie (D:8)
  A wyvern skeleton (D:6)
  A water moccasin skeleton (D:5)
  6 killer bees (D:9)
  Dowan (D:5)
  6 howler monkeys
  8 wights
  6 centaur zombies
  A bullfrog zombie (D:5)
  A gnoll shaman (D:5)
  4 orc priests
  Crazy Yiuf (D:4)
  2 hounds
  A jelly (D:5)
  A centaur skeleton (D:6)
  6 iguanas
  Natasha (thrice) (D:4)
  6 orc wizards
  3 hound zombies (Ossuary)
  A hound skeleton (D:5)
  3 mummies (Ossuary)
  2 howler monkey zombies
  11 adders
  8 gnolls
  A shadow imp (D:7)
  3 adder zombies (Ossuary)
  2 worms
  28 orcs
  5 endoplasms
  6 giant cockroaches
  3 gnoll zombies (Ossuary)
  4 goblins
  4 hobgoblins
  2 quokkas (Sewer)
  13 ball pythons
  2 bats
  10 frilled lizards
  4 goblin zombies (Ossuary)
  3 hobgoblin zombies (Ossuary)
  A jackal zombie (Ossuary)
  16 kobolds
  4 kobold zombies (Ossuary)
  An orc zombie (Ossuary)
  3 quokka zombies (Ossuary)
  5 rats
  7 rat zombies (Ossuary)
274 creatures vanquished.

Vanquished Creatures (others)
  6 plants (D:9)
6 creatures vanquished.

Grand Total: 280 creatures vanquished

Notes
Turn   | Place    | Note
-------+----------+-------------------------------------------
     0 | D:1      | r3xj the Minotaur Fighter began the quest for the Orb.
     0 | D:1      | Reached XP level 1. HP: 19/19 MP: 0/0
    12 | D:1      | Found Ocroshr Duet's Antique Weapon Boutique.
    19 | D:1      | Found Otev Kim's Antique Armour Shop.
   179 | D:1      | Found a faded altar of an unknown god.
   333 | D:1      | Reached skill level 3 in Long Blades
   528 | D:1      | Reached XP level 2. HP: 26/26 MP: 1/1
   919 | D:2      | Reached skill level 4 in Long Blades
   997 | D:2      | Reached XP level 3. HP: 31/31 MP: 2/2
  1002 | D:2      | Reached skill level 5 in Long Blades
  1609 | D:3      | Reached XP level 4. HP: 39/39 MP: 3/3
  1986 | D:3      | Reached skill level 6 in Long Blades
  2039 | D:3      | Found a glowing drain.
  2072 | Sewer    | Entered a sewer
  2213 | Sewer    | Reached XP level 5. HP: 45/45 MP: 4/4
  2320 | Sewer    | Reached skill level 7 in Long Blades
  2325 | Sewer    | Reached XP level 6. HP: 31/51 MP: 5/5
  2940 | D:4      | Noticed Natasha
  2975 | D:4      | Killed Natasha
  3181 | D:4      | Noticed Natasha
  3191 | D:4      | Killed Natasha
  3192 | D:4      | Reached skill level 8 in Long Blades
  3234 | D:4      | Noticed Grinder
  3239 | D:4      | Killed Grinder
  3240 | D:4      | Reached skill level 9 in Long Blades
  3240 | D:4      | Reached XP level 7. HP: 33/57 MP: 6/6
  3389 | D:4      | Identified the +1 leather armour of a wizard's laboratory
                  | {rPois Int+5}
  3566 | D:4      | Noticed Natasha
  3572 | D:4      | Killed Natasha
  4040 | D:4      | Found a runed translucent door.
  4041 | D:4      | Noticed Crazy Yiuf
  4766 | D:4      | Killed Crazy Yiuf
  5033 | D:5      | Entered Level 5 of the Dungeon
  5085 | D:5      | Noticed Sigmund
  5194 | D:5      | Reached skill level 10 in Long Blades
  5620 | D:5      | Noticed Duvessa
  5620 | D:5      | Noticed Dowan
  5636 | D:5      | Killed Duvessa
  5637 | D:5      | Reached skill level 11 in Long Blades
  5637 | D:5      | Reached XP level 8. HP: 52/64 MP: 7/7
  5640 | D:5      | Killed Dowan
  6101 | D:5      | Killed Sigmund
  6102 | D:5      | Reached skill level 12 in Long Blades
  6239 | D:5      | Found a radiant altar of Vehumet.
  6239 | D:5      | Found a hazy altar of Hepliaklqana.
  6508 | D:5      | Reached skill level 13 in Long Blades
  6798 | D:5      | Reached XP level 9. HP: 58/70 MP: 8/8
  6947 | D:5      | Reached skill level 14 in Long Blades
  6954 | D:5      | Reached skill level 1 in Dodging
  7155 | D:6      | Identified the +10 dagger "Wepall" {vamp, rF+}
  7176 | D:6      | Reached skill level 5 in Fighting
  7244 | D:6      | Noticed a komodo dragon
  7634 | D:6      | Killed a komodo dragon
  7635 | D:6      | Reached skill level 5 in Armour
  7635 | D:6      | Reached skill level 5 in Shields
  7870 | D:6      | Found a staircase to the Ecumenical Temple.
  8154 | D:7      | Found a sand-covered staircase.
  8162 | D:7      | Noticed a cyclops
  8170 | Ossuary  | Entered an ossuary
  9088 | D:7      | Reached XP level 10. HP: 72/86 MP: 9/9
  9380 | D:7      | Killed a cyclops
  9942 | Temple   | Entered the Ecumenical Temple
 10146 | Temple   | Became a worshipper of Warmaster Okawaru
 10440 | D:8      | Identified the ring "Noepli Ydaff" {Str+8 SInv Stlth-}
 10739 | D:8      | Reached * piety under Okawaru
 10755 | D:8      | Found a white marble altar of Elyvilon.
 11559 | D:9      | Reached skill level 5 in Dodging
 11687 | D:9      | Found an ornate altar of the Wu Jian Council.
 11860 | D:9      | Reached ** piety under Okawaru
 12146 | D:9      | Found a staircase to the Lair.
 12778 | D:9      | Reached skill level 10 in Fighting
 12921 | D:10     | Entered Level 10 of the Dungeon
 12930 | D:10     | Reached *** piety under Okawaru
 12931 | D:10     | Reached XP level 11. HP: 90/99 MP: 10/10
 13195 | D:10     | Found a staircase to the Orcish Mines.
 13210 | D:10     | Found a flagged portal.
 13222 | D:10     | Noticed Grum
 13239 | D:10     | Killed Grum
 13640 | Bailey   | Entered a bailey
 14246 | Bailey   | Noticed an orc knight
 14328 | Bailey   | Slain by an orc knight

Illustrated notes

Levels and vault maps discovered:
D:1:      dpeg_arrival_tiny_d, layout_loops_ring, shapermc_ecumenical_altar_gd,
          serial_shops, shop_fountains, shop, kennysheep_boxes
D:2:      layout_rooms, minmay_quantized
D:3:      layout_basic, cheibrodos_sewer_entry_bend, grunt_decor_clamped
D:4:      layout_layer_cave, uniq_grinder, uniq_natasha, uniq_crazy_yiuf_cottage
D:5:      kennysheep_windowed_halls, layout_gridville,
          gammafunk_temple_overflow_elements, uniq_sigmund, uniq_duvessa
D:6:      layout_loops_ring, minmay_temple_entry_drinking_statues,
          corexii_item_surrounded_by_moat
D:7:      layout_basic, lightli_ossuary_entry_decrepit_ruins
D:8:      layout_loops_ring, elyvilon_altar_3
D:9:      layout_loops_ring, nzn_wu_jian_council_hall, david_lair_shrubbed
D:10:     layout_gridville, orc_0_dummy, enter_bailey_6, uniq_grum
Temple:   hc_temple_tempest_star
Bailey:   bailey_polearm_2, bailey

Skill      XL: |  1  2  3  4  5  6  7  8  9 10 11 |
---------------+----------------------------------+-----
Long Blades    | 3 4 5 6 7 9 11 13 14 | 14.0
Shields        | 4 5 7 8 |  8.1
Fighting       | 7 10 | 10.6
Dodging        | 3 5 6 |  6.2
Armour         | 5 7 8 |  8.0

Action                   |  1- 3 |  4- 6 |  7- 9 | 10-12 || total
-------------------------+-------+-------+-------+-------++-------
Melee: Long sword        |    56 |    69 |   306 |   179 ||   610
       Headbutt          |     7 |     9 |    65 |    55 ||   136
       Falchion          |       |       |       |    86 ||    86
Throw: Dart              |       |       |     3 |     1 ||     4
Invok: Heroism           |       |       |       |     1 ||     1
  Use: Potion            |       |     1 |     3 |       ||     4
       Scroll            |       |       |     7 |       ||     7
Armor: Scale mail        |    17 |    22 |    73 |    13 ||   125
       Plate armour      |       |       |       |    74 ||    74
Dodge: Dodged            |    15 |    20 |   118 |   110 ||   263
Block: Buckler           |    10 |    14 |    52 |    57 ||   133

Table legend: (Time is in decaauts)
 A = Elapsed time spent in this place.
 B = Non-inter-level travel time spent in this place.
 C = Inter-level travel time spent in this place.
 D = Time resting spent in this place.
 E = Time spent auto-exploring this place.
 F = Levels seen in this place.
 G = Mean time per level.
                   A        B        C        D        E       F      G
               +--------+--------+--------+--------+--------+-----+--------+
         Total |  14212 |  13185 |   1027 |   2938 |   7575 |  14 | 1015.1 |
       Dungeon |  12389 |  11396 |    993 |   2409 |   6818 |  10 | 1238.9 |
        Temple |    231 |    197 |     34 |      0 |    179 |   1 |  231.0 |
         Sewer |    418 |    418 |      0 |     40 |    277 |   1 |  418.0 |
       Ossuary |    509 |    509 |      0 |    225 |     85 |   1 |  509.0 |
        Bailey |    663 |    663 |      0 |    264 |    216 |   1 |  663.0 |
               +--------+--------+--------+--------+--------+-----+--------+

Top non-repeatable levels by time:
     D:5: 2202 daAuts
     D:4: 2061 daAuts
     D:9: 1765 daAuts
     D:6: 1177 daAuts
     D:3: 1072 daAuts
     D:7: 969 daAuts
     D:8: 887 daAuts
     D:1: 805 daAuts
     D:2: 736 daAuts
    D:10: 708 daAuts
  Bailey: 663 daAuts
 Ossuary: 509 daAuts
   Sewer: 418 daAuts
  Temple: 231 daAuts
